 Dungeon Crawl Stone Soup version 0.29.1-1-gd02db6906a (webtiles) character file.

Game seed: 2254009212355815571

228 Icepheonix32 the Covered (level 5, -3/48 HPs)
             Began as a Minotaur Fighter on Sept 18, 2022.
             Slain by a gnoll
             ... wielding a +0 halberd
             ... led by a gnoll bouda
              (5 damage)
             ... on level 4 of the Dungeon.
             The game lasted 00:02:50 (3054 turns).

Icepheonix32 the Covered (Minotaur Fighter)         Turns: 3054, Time: 00:02:51

Health: -3/48      AC: 15    Str: 22    XL:     5   Next: 70%
Magic:  4/4        EV:  9    Int: 11    God:
Gold:   169        SH:  4    Dex: 10    Spells: 4/4 levels left

rFire   . . .      SeeInvis .   o - +2 mace (protect)
rCold   . . .      Faith    .   c - +0 buckler
rNeg    . . .      Spirit   .   b - +0 scale mail
rPois   .          Reflect  .   (helmet restricted)
rElec   .          Harm     .   (no cloak)
rCorr   .          Rampage  .   (no gloves)
Will    .....                   i - +0 pair of boots
Stlth   ..........              (no amulet)
HPRegen 0.16/turn               m - +6 ring of intelligence
MPRegen 0.09/turn               (no ring)

@: under a protective aura
A: horns 2, retaliatory headbutt
a: no special abilities


You were on level 4 of the Dungeon.
You visited 1 branch of the dungeon, and saw 4 of its levels.

You collected 169 gold pieces.

Inventory:

Hand Weapons
 a - a +0 war axe
 o - a +2 mace of protection (weapon)
Armour
 b - a +0 scale mail (worn)
 c - a +0 buckler (worn)
 i - a +0 pair of boots (worn)
 q - a +2 chain mail of cold resistance
Jewellery
 m - a +6 ring of intelligence (left hand)
Wands
 t - a wand of paralysis (13)
Scrolls
 e - a scroll of fog {unknown}
 g - 5 scrolls of teleportation {unknown}
 l - a scroll of fear {unknown}
 n - 4 scrolls of identify {unknown}
 p - a scroll of enchant weapon {unknown}
 r - a scroll of poison {unknown}
 u - a scroll of magic mapping {unknown}
 v - 2 scrolls of blinking {unknown}
Potions
 d - a potion of might
 f - a potion of heal wounds {unknown}
 h - a potion of curing {unknown}
 j - 2 potions of lignification {unknown}
 k - a potion of haste {unknown}
 s - a potion of berserk rage {unknown}


   Skills:
 * Level 5.1 Fighting
 - Level 3.5(3.9) Axes
 + Level 2.3(3.3) Maces & Flails
 + Level 5.2 Armour
 + Level 1.0 Dodging
 + Level 0.1 Stealth
 - Level 4.0 Shields


You had 4 spell levels left.
You didn't know any spells.
Your spell library contained the following spells:

 Spells                   Type           Power      Damage    Failure   Level
 Ignite Poison            Fire/Tmut/Pois 0%         N/A       98%         3
 Mephitic Cloud           Conj/Pois/Air  0%         N/A       98%         3
 Summon Guardian Golem    Hex/Summ       0%         N/A       98%         3
 Freezing Cloud           Conj/Ice/Air   0%         6-21      100%        5
 Orb of Destruction       Conj           0%         9d5       100%        7
 Spellforged Servitor     Conj/Summ      0%         N/A       100%        7


Dungeon Overview and Level Annotations

Branches:
Dungeon (4/15)
 Temple: D:4-7

Altars:
Cheibriados
Wu Jian

Shops:
D:1 ([::

Annotations:
D:3 2 runed translucent doors, Powertoast's ghost, amateur HOCA


Innate Abilities, Weirdness & Mutations

You have a pair of horns on your head.
You reflexively headbutt those who attack you in melee.


Message History

The gnoll hits you from afar with a +0 halberd!
The orc hits you with a +0 flail.
* * * LOW HITPOINT WARNING * * *
The orc barely misses you.
The gnoll bouda hits you with a +0 club.
* * * LOW HITPOINT WARNING * * *
You hit the gnoll bouda but do no damage.
The gnoll bouda is almost dead.
You block the gnoll's attack.
The gnoll bouda hits you but does no damage.
The orc hits you but does no damage. x2; The orc barely misses you.
You furiously retaliate!
You headbutt the orc. The gnoll bouda barely misses you.
You furiously retaliate!
You headbutt the gnoll bouda!
You kill the gnoll bouda!
The gnoll hits you but does no damage. The orc barely misses you.
Your Dodging skill increases to level 1!
The gnoll is no longer moving quickly.
The orc hits you with a +0 flail!
* * * LOW HITPOINT WARNING * * *
The gnoll hits you but does no damage. The orc closely misses you.
You furiously retaliate!
You headbutt the orc.
Things that are here:
a +0 club; a +0 robe Unknown command.
You barely miss the orc.
The orc is heavily wounded.
You block the orc's attack. The orc hits you with a +0 club.
* * * LOW HITPOINT WARNING * * *
The gnoll hits you but does no damage.
You closely miss the orc.
The orc is heavily wounded.
The orc closely misses you. You furiously retaliate!
You headbutt the orc, but do no damage. You block the orc's attack.
The gnoll closely misses you.
You thump the orc!
Your weapon exudes an aura of protection.
You kill the orc!
The gnoll barely misses you. The orc hits you but does no damage.
The gnoll hits you from afar with a +0 halberd.
You die...

###..# ##......##..
#....#######........
###.....##......##..
#......#.<.#...# .
##.............#
#.........#...>.
##..#.#..........
##.#....#......#
###.#.@#.##...#
...#o).## ...
#....#g...#
#...........
..........##...
...###.#.... ...#
..# ##....## ...
#.... ..


You could see a gnoll and an orc.

Vanquished Creatures
  A gnoll bouda (D:4)
  An orc priest (D:3)
  3 gnolls (D:4)
  8 adders
  A worm (D:2)
  A dart slug (D:2)
  4 orcs
  9 ball pythons
  2 endoplasms (D:1)
  7 giant cockroaches (D:1)
  4 goblins
  6 hobgoblins
  3 quokkas
  2 bats
  5 frilled lizards
  4 kobolds
  7 rats
68 creatures vanquished.

Notes
Turn   | Place    | Note
-------+----------+-------------------------------------------
     0 | D:1      | Icepheonix32 the Minotaur Fighter began the quest for the
                  | Orb.
     0 | D:1      | Reached XP level 1. HP: 19/19 MP: 0/0
    56 | D:1      | Found Toof's Book Boutique.
   186 | D:1      | Reached XP level 2. HP: 21/27 MP: 1/1
   355 | D:1      | Found Coeh's Armour Shop.
   384 | D:1      | Found Xaypp's Antique Weapon Boutique.
   491 | D:1      | Found Lueggimu's Book Emporium.
   921 | D:1      | Reached XP level 3. HP: 27/33 MP: 2/2
  1644 | D:2      | Found a snail-covered altar of Cheibriados.
  1950 | D:2      | Found a faded altar of an unknown god.
  2208 | D:3      | Found a runed translucent door.
  2208 | D:3      | Noticed Powertoast's ghost (amateur HOCA)
  2282 | D:3      | Found a runed translucent door.
  2417 | D:3      | Reached XP level 4. HP: 40/40 MP: 3/3
  2567 | D:3      | Reached skill level 1 in Maces & Flails
  2587 | D:3      | Found an ornate altar of the Wu Jian Council.
  2629 | D:3      | Reached XP level 5. HP: 37/47 MP: 4/4
  3034 | D:4      | Reached skill level 5 in Armour
  3037 | D:4      | Reached skill level 5 in Fighting
  3051 | D:4      | Reached skill level 1 in Dodging
  3052 | D:4      | HP: 2/48 [orc/+0 club (3)]
  3054 | D:4      | Slain by a gnoll

Illustrated notes

Levels and vault maps discovered:
D:1:      lightli_arrival_statuegarden, layout_basic, serial_shops, shop, shop,
          shop, shop
D:2:      layout_loops_corners, hellmonk_ecumenical_altar_pennies_from_heaven,
          basic_altar
D:3:      layout_loops_cross, nicolae_wu_jian_immortal_techniques,
          ebering_ghost_sewer_f, minmay_snake_closets
D:4:      layout_cave_pools, mainiacjoe_overflow_tiny_flanked,
          minmay_temple_entry_wispy, uniq_crazy_yiuf_cottage, uniq_natasha

Skill      XL: |  1  2  3  4  5 |
---------------+----------------+-----
Axes           | 3 |  3.5
Armour         | 4 5 |  5.2
Fighting       | 4 5 |  5.1
Shields        | 4 |  4.0
Maces & Flails | 1 2 |  2.3
Dodging        | 1 |  1.0
Stealth        | |  0.1

Action                   |  1- 3 |  4- 6 || total
-------------------------+-------+-------++-------
Melee: War axe           |    83 |       ||    83
       Headbutt          |    10 |     7 ||    17
       Mace              |    19 |    74 ||    93
Armor: Scale mail        |    44 |    57 ||   101
Dodge: Dodged            |    33 |    50 ||    83
Block: Buckler           |    26 |    26 ||    52
